Unix NetHack Version 3.7.0-73 Work-in-progress - last build Feb 15 2023 13:44:07 (7e882657273b58d2b20c000abed489558a81fd26,branch:master). Game began 2023-02-15 23:45:59, ended 2023-02-15 23:50:03. Gandelf, neutral male human Monk -------- -......- |......| |.[.[<.|## ----...)### |...|# ###### |...| ####@) ----- -. -- Gandelf the Novice St:18 Dx:10 Co:9 In:11 Wi:16 Ch:11 Neutral S:391 Dlvl:5 $:27 HP:0(29) Pw:13(13) AC:4 Xp:3/41 T:489 Latest messages: The door opens. You see here a statue of an acid blob. You kill the gecko! You see here a statue of an acid blob. You see here 5 gold pieces. $ - 5 gold pieces (14 in total). You descend the stairs. You see here a scroll labeled GARVEN DEH. r - a scroll labeled GARVEN DEH. You see here a large box. Hmmm, the large box turns out to be locked. In what direction? h You kick a locked large box. You break open the lock! You see here a broken large box. The large box is empty. The door resists! The door resists! The door resists! The door opens. You see here 13 gold pieces. $ - 13 gold pieces (27 in total). You see here a yellow potion. You see here a food ration. You see here a scroll labeled PRATYAVAYAH. s - a scroll labeled PRATYAVAYAH. The werejackal picks up a red gem. You see here a yellow potion. t - a yellow potion. You kill the werejackal! You see here a red gem. u - a red gem. You see here a food ration. You see here a food ration. v - a food ration. The iguana bites! You kill the iguana! Welcome to experience level 3. You feel healthy! You descend the stairs. There is a doorway here. You see here a crude dagger. You hear a nearby zap. The bolt of cold hits you! You die... Do you want your possessions identified? [ynq] (y) y Do you want to see your attributes? [ynq] (y) y Do you want an account of creatures vanquished? [ynaq] (y) y Do you want to see your conduct and achievements? [ynq] (y) y Do you want to see the dungeon overview? [ynq] (y) y Inventory: Coins $ - 27 gold pieces Weapons n - 10 +0 darts o - a +0 elven dagger Armor a - an uncursed +2 pair of leather gloves (being worn) b - an uncursed +1 robe (being worn) Comestibles h - 6 uncursed apples g - 3 uncursed food rations v - an uncursed food ration j - 3 uncursed fortune cookies i - 7 uncursed oranges l - an uncursed tripe ration Scrolls r - a cursed scroll of earth s - a cursed scroll of magic mapping d - an uncursed scroll of scare monster k - a blessed scroll of stinking cloud Spellbooks c - a blessed spellbook of protection Potions m - an uncursed potion of fruit juice t - a blessed potion of hallucination q - an uncursed potion of healing e - 2 uncursed potions of water f - an uncursed potion of water Gems/Stones u - an uncursed worthless piece of red glass Gandelf the Monk's attributes: Background: You were a Novice, a level 3 male human Monk. You were neutral, on a mission for Chih Sung-tzu who was opposed by Shan Lai Ching (lawful) and Huan Ti (chaotic). You were in the Dungeons of Doom, on level 5. You entered the dungeon 489 turns ago. It was nighttime. You had 41 experience points, 39 more were needed to attain level 4. Your score was 391 before end-of-game adjustments. Basics: You had 0 out of 29 hit points. You had all 13 energy points (spell power). Your armor class was 4. Your wallet contained 27 zorkmids. Autopickup was off. Final Characteristics: Your strength was 18 (limit:18/100). Your dexterity was 10 (limit:18). Your constitution was 9 (limit:18). Your intelligence was 11 (limit:18). Your wisdom was 16 (limit:18). Your charisma was 11 (limit:18). Final Status: You were not hungry. You were unencumbered. You were empty handed. You had basic skill with martial arts. Final Attributes: You were fervently aligned. You were sleep resistant. You were poison resistant. You saw invisible. You were guarded. You were fast. You are dead. Miscellaneous: You encountered 1 bones level. Total elapsed playing time was 4 minutes and 4 seconds. Major events: Turn 1: Gandelf the neutral male human Monk entered the dungeon 462: attained the rank of Novice (level 3) 489: killed by a bolt of cold Vanquished creatures: a werejackal an iguana a coyote a hobbit a large kobold 2 geckos a lichen a kobold zombie a newt 10 creatures vanquished. No species were genocided or became extinct. Voluntary challenges: You went without food. You were an atheist. You never hit with a wielded weapon. You were illiterate. You never engraved Elbereth. You never genocided any monsters. You never polymorphed an object. You never changed form. You used no wishes. Achievement: You attained the rank of Novice. The Dungeons of Doom: levels 1 to 5 Level 1: Level 2: An altar. Level 3: A fountain, a grave. Level 4: Level 5: <- You were here. Final resting place for you, killed by a bolt of cold, maneatingcow-Wiz-Hum-Mal-Neu, killed by a bolt of cold. Game over: ---------- / \ / REST \ / IN \ / PEACE \ / \ | Gandelf | | 27 Au | | killed by a bolt | | of cold | | | | | | 2023 | *| * * * | * _________)/\\_//(\/(/\)/\//\/|_)_______ Goodbye Gandelf the Monk... You died in The Dungeons of Doom on dungeon level 5 with 389 points, and 27 pieces of gold, after 489 moves. You were level 3 with a maximum of 29 hit points when you died.